Workbook

Sheet Instructions
A1: CDF Budget Guidelines and Template
A3: Applicants must complete the Project Budget tab and provide a realistic and accurate estimate of all expenditure and contributions required to deliver the proposed project. Before completing the budget, applicants should review the instructions below, including the requirements for Completing the Project Budget Tab, Eligible Expenditure, and Ineligible Expenditure. These sections provide guidance on the types of expenditure that may be included in the budget and the information required to support assessment of the application. All costs must be exclusive of GST and directly related to the delivery of the proposed project.
A5: Instructions for Completing the Project Budget
A6: Completing the Project Budget Tab
A7: Eligible Expenditure
A8: Ineligible Expenditure
A10: Instructions for Completing the Project Budget
A12: The Project Budget must provide a realistic and accurate estimate of all expenditure and contributions required to deliver the proposed project. Applicants should allocate costs against the relevant expenditure categories and identify the source of funding, including CDF funding, applicant cash contributions, partner cash contributions and in-kind contributions.
A14: All expenditure must:
A16: Be directly related to the delivery of the proposed project.
A17: Be incurred during the approved project period.
A18: Be clearly linked to project activities, milestones and outcomes.
... A113: Applicants are responsible for ensuring that all expenditure included in the budget complies with the CDF Application Guidelines and any applicable funding agreement requirements.

Sheet Project Budget
D2: CDF Budget
B3: Description and Detail | D3: CDF Fund | E3: Lead Applicant | G3: Partner Organisation 1 | I3: Partner Organisation 2 | K3: Amount (ex GST)
D4: Cash | E4: Cash | F4: In-Kind | G4: Cash | H4: In-Kind | I4: Cash | J4: In-Kind
B5: MILESTONE 1 - Insert milestone description
B6: Salaries | K6: =SUM(D6:J6) -> 0
C7: Person 1 - (X FTE) | K7: =SUM(D7:J7) -> 0
C8: Person 1 - (X FTE) | K8: =SUM(D8:J8) -> 0
B9: Commercialisation and Other Expenditure | K9: =SUM(D9:J9) -> 0
C10: Description | K10: =SUM(D10:J10) -> 0
B11: Equipment, Hardware & Infrastructure | K11: =SUM(D11:J11) -> 0
C12: Equipment | K12: =SUM(D12:J12) -> 0
C13: Hardware / Software | K13: =SUM(D13:J13) -> 0
C14: Components | K14: =SUM(D14:J14) -> 0
B15: R&D Expenses | K15: =SUM(D15:J15) -> 0
C16: Description | K16: =SUM(D16:J16) -> 0
B17: Travel | K17: =SUM(D17:J17) -> 0
C18: Domestic | K18: =SUM(D18:J18) -> 0
C19: International Travel | K19: =SUM(D19:J19) -> 0
B20: TOTAL EXPENDITURE - MILESTONE 1 | D20: =SUM(D6:D19) -> 0 | E20: =SUM(E6:E19) -> 0 | F20: =SUM(F6:F19) -> 0 | G20: =SUM(G6:G19) -> 0 | H20: =SUM(H6:H19) -> 0 | I20: =SUM(I6:I19) -> 0 | J20: =SUM(J6:J19) -> 0 | K20: =SUM(K6:K19) -> 0
B22: MILESTONE 2 -Insert milestone description
B23: Salaries | K23: =SUM(D23:J23) -> 0
C24: Person 1 - (X FTE) | K24: =SUM(D24:J24) -> 0
C25: Person 1 - (X FTE) | K25: =SUM(D25:J25) -> 0
B26: Commercialisation and Other Expenditure | K26: =SUM(D26:J26) -> 0
C27: Description | K27: =SUM(D27:J27) -> 0
B28: Equipment, Hardware & Infrastructure | K28: =SUM(D28:J28) -> 0
C29: Equipment | K29: =SUM(D29:J29) -> 0
C30: Hardware / Software | K30: =SUM(D30:J30) -> 0
C31: Components | K31: =SUM(D31:J31) -> 0
B32: R&D Expenses | K32: =SUM(D32:J32) -> 0
C33: Description | K33: =SUM(D33:J33) -> 0
B34: Travel | K34: =SUM(D34:J34) -> 0
C35: Domestic
C36: International Travel | K36: =SUM(D36:J36) -> 0
B37: TOTAL EXPENDITURE - MILESTONE 2
B39: TOTAL EXPENDITURE | D39: =+D37+D20 -> 0 | E39: =+E37+E20 -> 0 | F39: =+F37+F20 -> 0 | G39: =+G37+G20 -> 0 | H39: =+H37+H20 -> 0 | I39: =+I37+I20 -> 0 | J39: =+J37+J20 -> 0 | K39: =+K37+K20 -> 0

Sheet Milestone Payments
A1: Will be hidden until project has received advice it can move to contracting
B3: Party receiving Project Funding from UniSQ | C3: Due date | D3: Amount (ex GST) | E3: Amount of DESE/Partner/Industry contribution in payment | I3: Milestones to be completed before payment
E4: DESE | F4: {=+'Project Budget'!E3:E3} -> Lead Applicant | G4: {=+'Project Budget'!G3:G3} -> Partner Organisation 1 | H4: {=+'Project Budget'!I3:I3} -> Partner Organisation 2
B5: {=+'Project Budget'!E3:E3} -> Lead Applicant | D5: =SUM(E5:H5) -> 0 | E5: =+'Project Budget'!D20 -> 0 | F5: =+'Project Budget'!E20 -> 0 | G5: =+'Project Budget'!G20 -> 0 | H5: =+'Project Budget'!I20 -> 0 | I5: {=+'Project Budget'!B5:C5} -> MILESTONE 1 - Insert milestone description | J5: 0
B6: {=+'Project Budget'!E3:E3} -> Lead Applicant | D6: =SUM(E6:H6) -> 0 | E6: =+'Project Budget'!D37 -> 0 | F6: =+'Project Budget'!E37 -> 0 | G6: =+'Project Budget'!G37 -> 0 | H6: =+'Project Budget'!I37 -> 0 | I6: =+'Project Budget'!B22 -> MILESTONE 2 -Insert milestone description
C7: Total: | D7: =SUM(D5:D6) -> 0 | E7: =SUM(E5:E6) -> 0 | G7: =SUM(G5:G6) -> 0 | H7: =+'Project Budget'!I20 -> 0

Sheet Contributions & Expenditure
A1: Will be hidden until project has received advice it can move to contracting
B3: Partner contributions:
B4: Organisation | D4: Cash | E4: In-Kind | F4: Total
B5: =+'Milestone Payments'!E4 -> DESE | D5: =+'Project Budget'!D39 -> 0 | F5: =SUM(D5:E5) -> 0
B6: =+'Milestone Payments'!F4 -> Lead Applicant | D6: =+'Project Budget'!E39 -> 0 | E6: =+'Project Budget'!F39 -> 0 | F6: =SUM(D6:E6) -> 0
B7: =+'Milestone Payments'!G4 -> Partner Organisation 1 | D7: =+'Project Budget'!G39 -> 0 | E7: =+'Project Budget'!H39 -> 0 | F7: =SUM(D7:E7) -> 0
B8: =+'Milestone Payments'!H4 -> Partner Organisation 2 | D8: =+'Project Budget'!I39 -> 0 | E8: =+'Project Budget'!J39 -> 0 | F8: =SUM(D8:E8) -> 0
B9: Total | D9: =SUM(D5:D8) -> 0 | E9: =SUM(E5:E8) -> 0 | F9: =SUM(F5:F8) -> 0
